 Dungeon Crawl Stone Soup version 0.32-a0-42-ga30500b4d3 (webtiles) character file.

Game seed: 9969299554277281258

67327 gruber the Devastator (level 14, -2/80 HPs)
             Began as a Deep Elf Conjurer on Feb 1, 2024.
             Was a High Priest of Vehumet.
             Slain by a manticore (4 damage)
             ... on level 13 of the Dungeon on Feb 2, 2024.
             The game lasted 00:40:44 (24176 turns).

gruber the Devastator (Deep Elf Conjurer)          Turns: 24176, Time: 00:40:44

Health: -2/80      AC: 10    Str:  9    XL:     14   Next: 82%
Magic:  32/36      EV: 19    Int: 29    God:    Vehumet [*****.]
Gold:   1304       SH:  0    Dex: 23    Spells: 8/45 levels left

rFire   . . .        x - +4 hand axe of the Boiling Point {freeze, ^Drain +Blink rC+ Will+++}
rCold   + . .        (no shield)
rNeg    + + .        B - +2 leather armour {rPois}
rPois   +            (no helmet)
rElec   .            l - +0 cloak
rCorr   .            r - +0 pair of gloves
SInv    .            D - +2 pair of boots {Stlth+}
Will    +++++        J - amulet of regeneration
Stlth   +++++        C - ring "Kufuism" {^Drain rN+ Will+ Dex+6}
HPRegen 1.13/turn    A - ring "Fuhy" {Wiz rN+ Str+5 Dex+4}
MPRegen 0.25/turn

%: wizardry (x1)
@: no status effects
A: no striking features
a: Renounce Religion, Evoke Blink


You were on level 13 of the Dungeon.
You worshipped Vehumet.
Vehumet was extremely pleased with you.
You visited 3 branches of the dungeon, and saw 21 of its levels.
You also visited: Gauntlet.

You collected 1304 gold pieces.

Inventory:

Hand Weapons
 x - the +4 hand axe of the Boiling Point (weapon) {freeze, ^Drain +Blink rC+ Will+++}
   (You found it on level 6 of the Dungeon)

   rC+:       It protects you from cold.
   Will+++:   It greatly increases your willpower.
   +Blink:    It lets you blink.
   ^Drain:    It drains your maximum health when unequipped.
Missiles
 V - a throwing net
Armour
 l - a +0 cloak (worn)
 n - a +1 pair of boots of rampaging
 r - a +0 pair of gloves (worn)
 B - a +2 leather armour of poison resistance (worn)
 D - a +2 pair of boots of stealth (worn)
Jewellery
 u - a ring of fire
 v - a ring of protection from cold
 A - the ring "Fuhy" (right hand) {Wiz rN+ Str+5 Dex+4}
   (You found it in a Gauntlet)

   [ring of wizardry]

   Wiz:       It improves your spell success rate.
   Str+5:     It affects your strength (+5).
   Dex+4:     It affects your dexterity (+4).
   rN+:       It protects you from negative energy.
 C - the ring "Kufuism" (left hand) {^Drain rN+ Will+ Dex+6}
   (You took it off a minotaur in a Gauntlet)

   [ring of dexterity]

   Dex+6:     It affects your dexterity (+6).
   rN+:       It protects you from negative energy.
   Will+:     It increases your willpower.
   ^Drain:    It drains your maximum health when unequipped.
 G - a ring of flight
 H - a ring of resist corrosion
 J - an amulet of regeneration (around neck)
Wands
 e - a wand of digging (2)
 w - a wand of light (3)
 y - a wand of iceblast (11)
 P - a wand of flame (23)
 U - a wand of charming (7)
Scrolls
 c - a scroll of acquirement {unknown}
 d - 2 scrolls of blinking {unknown}
 g - a scroll of brand weapon {unknown}
 h - 3 scrolls of noise {unknown}
 i - 3 scrolls of fear {unknown}
 j - a scroll of poison {unknown}
 k - 2 scrolls of torment {unknown}
 m - 10 scrolls of teleportation {unknown}
 o - a scroll of fog {unknown}
 t - 4 scrolls of immolation {unknown}
 E - a scroll of butterflies {unknown}
 I - 2 scrolls of revelation {unknown}
 O - a scroll of silence {unknown}
 S - 2 scrolls of enchant weapon {unknown}
Potions
 a - a potion of cancellation
 b - 4 potions of magic
 f - 4 potions of curing
 p - 2 potions of enlightenment
 q - 5 potions of attraction {unknown}
 s - a potion of resistance {unknown}
 z - 3 potions of brilliance
 F - 3 potions of haste
 K - 2 potions of heal wounds {unknown}
 L - 2 potions of might {unknown}
 M - 11 potions of ambrosia
 R - 2 potions of lignification {unknown}
Miscellaneous
 N - a phantom mirror


   Skills:
 - Level 6.0 Fighting
 - Level 10.0 Dodging
 - Level 8.0 Stealth
 - Level 16.0 Spellcasting
 * Level 19.4 Conjurations
 - Level 5.2 Summonings
 - Level 10.0 Earth Magic


You had 8 spell levels left.
You knew the following spells:

 Your Spells              Type           Power      Damage    Failure   Level
a - Magic Dart            Conj           100%       1d8       0%          1
b - Searing Ray           Conj           100%       2d8       0%          2
c - Iskenderun's Battles  Conj           94%        2d14      0%          5
d - Iskenderun's Mystic   Conj/Tloc      68%        2d14      1%          4
e - Bombard               Conj/Erth      41%        9d7       1%          6
f - Borgnjor's Vile Clut  Necr/Erth      25%        N/A       4%          5
g - Orb of Destruction    Conj           47%        9d12      1%          7
h - Spellforged Servitor  Conj/Summ      38%        N/A       1%          7

Your spell library contained the following spells:

 Spells                   Type           Power      Damage    Failure   Level
 Fireball                 Conj/Fire      34%        3d14      1%          5
 Slow                     Hex            92%        N/A       1%          1
 Ensorcelled Hibernation  Hex/Ice        46%        N/A       1%          2
 Sublimation of Blood     Necr           23%        N/A       1%          2
 Call Canine Familiar     Summ           52%        N/A       1%          3
 Dazzling Flash           Conj/Hex       100%       N/A       1%          3
 Volatile Blastmotes      Fire/Tloc      46%        2d13      1%          3
 Fulminant Prism          Conj/Alch      34%        3d16      1%          4
 Petrify                  Alch/Erth      51%        N/A       1%          4
 Irradiate                Conj/Alch      34%        3d23      1%          5
 Conjure Ball Lightning   Conj/Air       34%        3x3d11    1%          6
 Starburst                Conj/Fire      34%        6d10      1%          6
 Confusing Touch          Hex            23%        N/A       3%          3
 Fugue of the Fallen      Necr           23%        N/A       3%          3
 Ozocubu's Armour         Ice            23%        N/A       3%          3
 Sigil of Binding         Hex            23%        N/A       3%          3
 Vampiric Draining        Necr           23%        2d7       3%          3
 Anguish                  Hex/Necr       11%        N/A       12%         4
 Animate Dead             Necr           23%        N/A       12%         4
 Dimensional Bullseye     Hex/Tloc       11%        N/A       12%         4
 Metabolic Englaciation   Hex/Ice        11%        N/A       30%         5
 Death Channel            Necr           11%        N/A       83%         6
 Sculpt Simulacrum        Ice/Alch       11%        N/A       83%         6
 Maxwell's Capacitive Co  Air            11%        ∞         99%         8
 Discord                  Hex            11%        N/A       100%        8
 Disjunction              Tloc           11%        N/A       100%        8


Dungeon Overview and Level Annotations

Branches:
Dungeon (15/15)            Temple (1/1) D:5            Lair (5/5) D:9
 Shoals (0/4) Lair:3        Snake (0/4) Lair:2        Slime (0/5) Lair:5
Gauntlet (visited)
    Orc: D:9-12      Vaults: D:13-14     Depths: D:15

Altars:
Ashenzari
Cheibriados
Dithmenos
Elyvilon
Fedhas
Gozag
Hepliaklqana
Kikubaaqudgha
Makhleb
Nemelex Xobeh
Okawaru
Qazlal
Ru
Sif Muna
Trog
Uskayaw
Vehumet
Wu Jian
Xom
Yredelemnul
Zin
The Shining One
Jiyva

Shops:
D:2 ?   D:6 *   D:8 =   D:12 [

Portals:
Trove: D:10 (give 13 scrolls of teleportation)

Annotations:
D:3 3 runed translucent doors, Nico3ck's ghost, amateur AtCj
D:11 2 transporters, KimchiStew's ghost, journeyman VSGl
D:12 exclusion: orange crystal statue
Lair:3 3 runed translucent doors, Nuriomm's ghost, journeyman GnWn


Message History

The magic dart hits the killer bee but does no damage.
The killer bee is almost dead.
Your battlesphere fires!
The barrage of energy hits the killer bee!
You kill the killer bee!
Vehumet accepts your kill.
You feel your power returning.
The killer bee's shape twists and changes as it dies.
The centaur warrior wields a +0 shortbow.
The centaur warrior shoots an arrow.
The arrow hits you!
A slime creature comes into view.
Unknown command.
The centaur warrior shoots an arrow.
The arrow hits you!
There is an escape hatch in the ceiling, spattered with blood here.
The centaur warrior shoots an arrow.
The arrow hits you!! A mysterious force pulls you upwards.
The hatch slams shut behind you.
Your summoned ally is left behind.
Your battlesphere wavers and loses cohesion.
You feel a wave of frost pass over you.
There is an entrance to an ice cave on this level.
Hurry and find it before the portal melts!
Found 19 gold pieces and a long sword.
Unknown command.
Unknown command.
A manticore comes into view.
The cyclops shouts!
You hear two shouts!
The cyclops throws a large rock.
The large rock barely misses you. The manticore completely misses you.
The manticore claws you!
The manticore claws you but does no damage.
The cyclops throws a large rock.
The large rock hits you!
* * * LOW HITPOINT WARNING * * *
The manticore bites you!
* * * LOW HITPOINT WARNING * * *
The manticore misses you. The manticore claws you.
* * * LOW HITPOINT WARNING * * *
Unknown command.
Unknown command.
The manticore misses you. The manticore claws you!
* * * LOW HITPOINT WARNING * * *
The manticore claws you.
You die...

####### #........
#......... #......c..
# #.........
##..########.........
.......@H...........
....................
#..####........#### #
#........# #........#
#..$.....#
.....C......
.............
##...#........


You could see a manticore and a cyclops.

Vanquished Creatures
  Nessos (Lair:4)
  A minotaur (Gauntlet)
  7 hydras
  4 catoblepae (Lair:5)
  3 boulder beetles
  2 two-headed ogres (D:11)
  11 death yaks (Lair:5)
  Sonja (D:12)
  4 sixfirhies (Gauntlet)
  A deep elf pyromancer (D:12)
  3 cyclopes
  3 meliai (Gauntlet)
  2 manticores (Lair:5)
  5 black mambas
  A water nymph (Lair:3)
  5 gargoyles
  7 elephants
  Maggie (Lair:1)
  2 torpor snails
  14 cane toads
  2 unseen horrors (D:11)
  A minotaur zombie (Gauntlet)
  An efreet (D:11)
  3 rime drakes
  11 trolls
  3 komodo dragons
  A merfolk (Lair:3)
  5 polar bears
  2 queen bees (D:10)
  16 blink frogs
  2 dream sheep (Lair:1)
  7 wyverns
  4 wraiths (D:11)
  2 shadows (D:11)
  A vampire (D:10)
  2 basilisks
  66 yaks
  A steam dragon (D:9)
  Edmund (D:5)
  4 nagas (Lair:2)
  2 acid dragons (D:11)
  13 water moccasins
  2 orc warriors
  An ice beast (D:5)
  4 black bears
  A sky beast (D:7)
  15 wolves
  2 ogres (D:6)
  12 centaurs
  A phantom (D:6)
  3 kobold brigands
  Blork the orc (D:5)
  14 bullfrogs
  2 gnoll sergeants
  2 scorpions
  10 wights
  71 killer bees
  A killer bee (shapeshifter) (D:14)
  3 electric eels
  2 howler monkeys
  2 jellies (D:6)
  5 hounds
  11 orc priests
  3 iguanas
  12 orc wizards
  7 hell rats (Lair:5)
  A boggart simulacrum (D:11)
  12 gnolls
  5 adders
  A white imp (D:7)
  2 ribbon worms (D:3)
  4 dart slugs
  43 orcs
  5 ball pythons
  10 endoplasms
  3 giant cockroaches
  8 goblins
  8 hobgoblins
  3 jackals (D:5)
  4 quokkas
  2 bats
  5 frilled lizards
  17 kobolds
  6 rats
554 creatures vanquished.

Notes
Turn   | Place    | Note
-------+----------+-------------------------------------------
     0 | D:1      | gruber the Deep Elf Conjurer began the quest for the Orb.
     0 | D:1      | Reached XP level 1. HP: 10/10 MP: 6/6
   179 | D:1      | Reached XP level 2. HP: 15/15 MP: 5/8
   191 | D:1      | Reached skill level 5 in Conjurations
   744 | D:1      | Reached XP level 3. HP: 19/19 MP: 5/9
  1024 | D:1      | Learned a level 2 spell: Searing Ray
  1934 | D:2      | Reached XP level 4. HP: 24/24 MP: 7/11
  2018 | D:2      | Found Quf Loagh's Magic Scroll Shoppe.
  2429 | D:3      | Reached skill level 6 in Conjurations
  2696 | D:3      | Reached XP level 5. HP: 28/28 MP: 7/13
  2906 | D:3      | Found a faded altar of an unknown god.
  2950 | D:3      | Found a glowing golden altar of the Shining One.
  2983 | D:3      | Noticed a +0 hand axe
  2983 | D:3      | Noticed a +0 hand axe
  2987 | D:3      | Found a hide-covered altar of Uskayaw.
  3057 | D:3      | Identified the +1 scale mail of the Raven {rF+ Will++
                  | Stlth-}
  3058 | D:3      | Found a runed translucent gate.
  3058 | D:3      | Found a runed translucent gate.
  3058 | D:3      | Noticed Nico3ck's ghost (amateur AtCj)
  3060 | D:3      | Found a runed translucent gate.
  3140 | D:3      | Reached skill level 5 in Spellcasting
  3438 | D:4      | Noticed a centaur
  3445 | D:4      | Killed a centaur
  3446 | D:4      | Reached XP level 6. HP: 5/32 MP: 8/16
  3757 | D:4      | Found a shimmering altar of Xom.
  3790 | D:4      | Reached skill level 7 in Conjurations
  4510 | D:4      | Found a sparkling altar of Nemelex Xobeh.
  4652 | D:5      | Entered Level 5 of the Dungeon
  4662 | D:5      | Noticed an ice beast
  4666 | D:5      | Killed an ice beast
  4706 | D:5      | Reached XP level 7. HP: 36/36 MP: 14/19
  4817 | D:5      | Noticed Edmund
  4826 | D:5      | Killed Edmund
  4827 | D:5      | Reached skill level 8 in Conjurations
  5156 | D:5      | Noticed Blork the orc
  5169 | D:5      | Killed Blork the orc
  5170 | D:5      | Reached XP level 8. HP: 37/41 MP: 11/22
  5549 | D:5      | Found a staircase to the Ecumenical Temple.
  5642 | Temple   | Entered the Ecumenical Temple
  5679 | Temple   | Became a worshipper of Vehumet
  5753 | D:6      | Identified the +4 hand axe of the Boiling Point {freeze,
                  | ^Drain +Blink rC+ Will+++}
  5786 | D:6      | Reached skill level 9 in Conjurations
  5888 | D:6      | Identified the +4 dagger "Foynyek" {heavy, ^Drain rN++
                  | rCorr Str+4}
  6024 | D:6      | Reached skill level 5 in Dodging
  6246 | D:6      | Reached skill level 1 in Fighting
  6367 | D:6      | Learned a level 5 spell: Iskenderun's Battlesphere
  6368 | D:6      | Found the +3 greatsling "Punk" {acid, rCorr}
  6399 | D:6      | Reached XP level 9. HP: 32/50 MP: 12/24
  6951 | D:6      | Found Zuoch's Overcharged Wands.
  7164 | D:7      | Found a shadowy altar of Dithmenos.
  7384 | D:7      | Reached * piety under Vehumet
  7384 | D:7      | Offered knowledge of Shock by Vehumet.
  7691 | D:7      | Reached skill level 10 in Conjurations
  8113 | D:7      | Reached ** piety under Vehumet
  8113 | D:7      | Offered knowledge of Mercury Vapours by Vehumet.
  8397 | D:8      | Reached skill level 11 in Conjurations
  8726 | D:8      | Reached skill level 12 in Conjurations
  8796 | D:8      | Reached XP level 10. HP: 56/56 MP: 17/25
  8837 | D:8      | Found a broken altar of Ashenzari.
  9036 | D:8      | Reached skill level 5 in Stealth
  9126 | D:8      | Found Vakevviss's Jewellery Shop.
  9430 | D:9      | Offered knowledge of Hailstorm by Vehumet.
  9699 | D:9      | Reached *** piety under Vehumet
  9901 | D:9      | Found a white marble altar of Elyvilon.
 10207 | D:9      | Found a staircase to the Lair.
 10441 | D:9      | Reached skill level 10 in Spellcasting
 10771 | D:10     | Entered Level 10 of the Dungeon
 10779 | D:9      | Learned a level 4 spell: Iskenderun's Mystic Blast
 10786 | D:9      | Learned a level 6 spell: Bombard
 10829 | D:10     | Found a blossoming altar of Fedhas.
 10839 | D:10     | Offered knowledge of Ignite Poison by Vehumet.
 10966 | D:10     | Noticed a cyclops
 11039 | D:10     | Killed a cyclops
 11119 | D:10     | Reached **** piety under Vehumet
 11121 | D:10     | Reached XP level 11. HP: 56/61 MP: 20/30
 11249 | D:10     | Offered knowledge of Lee's Rapid Deconstruction by Vehumet.
 11465 | D:10     | Found a portal to a secret trove of treasure.
 11659 | D:10     | Found an opulent altar of Gozag.
 11682 | D:10     | Found a sacrificial altar of Ru.
 11847 | D:10     | Reached skill level 1 in Earth Magic
 12184 | D:11     | Noticed a two-headed ogre
 12185 | D:11     | Noticed a boulder beetle
 12197 | D:11     | Killed a two-headed ogre
 12200 | D:11     | Reached skill level 5 in Earth Magic
 12214 | D:11     | Killed a boulder beetle
 12464 | D:11     | Found a transporter.
 12710 | D:11     | Reached skill level 13 in Conjurations
 13017 | D:11     | Noticed a seven-headed hydra
 13026 | D:11     | Killed a seven-headed hydra
 13035 | D:11     | Reached XP level 12. HP: 56/66 MP: 6/32
 13307 | D:11     | Noticed KimchiStew's ghost (journeyman VSGl)
 13308 | D:11     | Noticed a centaur warrior
 13313 | D:11     | Noticed a six-headed hydra
 13325 | D:11     | Found a transporter.
 13373 | D:11     | Reached skill level 14 in Conjurations
 13415 | D:11     | Noticed a two-headed ogre
 13419 | D:11     | Killed a two-headed ogre
 13519 | D:11     | Noticed a boulder beetle
 13557 | D:11     | Identified the +8 great sword of the Eight Olives {spect,
                  | *Rage rC++ rN++}
 13576 | D:11     | Killed a boulder beetle
 13971 | D:11     | Reached skill level 10 in Earth Magic
 14286 | Lair:1   | Entered Level 1 of the Lair of Beasts
 14291 | Lair:1   | Reached ***** piety under Vehumet
 14293 | Lair:1   | Offered knowledge of Orb of Destruction by Vehumet.
 14412 | Lair:1   | Reached skill level 15 in Spellcasting
 14416 | Lair:1   | Noticed Maggie
 14433 | Lair:1   | Killed Maggie
 15268 | Lair:2   | Reached skill level 5 in Fighting
 15584 | Lair:2   | Reached XP level 13. HP: 66/74 MP: 24/35
 15746 | Lair:2   | Found a staircase to the Snake Pit.
 16494 | Lair:2   | Learned a level 5 spell: Borgnjor's Vile Clutch
 16536 | Lair:3   | Learned a level 7 spell: Orb of Destruction
 16563 | Lair:3   | Found a runed translucent gate.
 16563 | Lair:3   | Found a runed translucent gate.
 16564 | Lair:3   | Found a runed translucent gate.
 16568 | Lair:3   | Noticed Nuriomm's ghost (journeyman GnWn)
 16945 | Lair:3   | Found a staircase to the Shoals.
 17125 | Lair:3   | Reached skill level 10 in Dodging
 18027 | Lair:4   | Noticed Nessos
 18178 | Lair:4   | Offered knowledge of Plasma Beam by Vehumet.
 18347 | Lair:4   | Reached skill level 15 in Conjurations
 18857 | Lair:4   | Killed Nessos
 18985 | Lair:4   | Reached skill level 16 in Conjurations
 19247 | Lair:5   | Entered Level 5 of the Lair of Beasts
 20053 | Lair:5   | Reached XP level 14. HP: 80/80 MP: 20/36
 20113 | Lair:5   | Offered knowledge of Ozocubu's Refrigeration by Vehumet.
 20114 | Lair:5   | Reached skill level 17 in Conjurations
 20240 | Lair:5   | Found a staircase to the Slime Pits.
 20241 | Lair:5   | Found a viscous altar of Jiyva.
 20644 | Lair:5   | Learned a level 7 spell: Spellforged Servitor
 21034 | Lair:5   | Reached skill level 18 in Conjurations
 22467 | Lair:5   | Identified the +9 short sword of the Countless Wars {spect,
                  | rElec}
 22702 | Lair:5   | Reached skill level 19 in Conjurations
 23211 | D:12     | Found Cheibriados's Comfort Zone.
 23215 | D:12     | Found a snail-covered altar of Cheibriados.
 23343 | D:12     | Noticed Sonja
 23345 | D:12     | Killed Sonja
 23376 | D:12     | Found a gate leading to a gauntlet.
 23390 | Gauntlet | Entered a Gauntlet
 23390 | Gauntlet | Found a large runed translucent door.
 23390 | Gauntlet | Found a large runed translucent door.
 23390 | Gauntlet | Found a large runed translucent door.
 23390 | Gauntlet | Found a large runed translucent door.
 23390 | Gauntlet | Found a large runed translucent door.
 23390 | Gauntlet | Found a large runed translucent door.
 23390 | Gauntlet | Found a large runed translucent door.
 23390 | Gauntlet | Found a large runed translucent door.
 23390 | Gauntlet | Found a runed translucent door.
 23390 | Gauntlet | Found a runed translucent gate.
 23390 | Gauntlet | Found a transporter.
 23390 | Gauntlet | Found a transporter.
 23390 | Gauntlet | Found a runed translucent gate.
 23390 | Gauntlet | Found a transporter.
 23452 | Gauntlet | Found a transporter.
 23452 | Gauntlet | Found a transporter.
 23464 | Gauntlet | Found a transporter.
 23466 | Gauntlet | Found a transporter.
 23476 | Gauntlet | Found a transporter.
 23550 | Gauntlet | Found a runed translucent door.
 23551 | Gauntlet | Found a large runed translucent door.
 23551 | Gauntlet | Found a large runed translucent door.
 23551 | Gauntlet | Found a large runed translucent door.
 23551 | Gauntlet | Found a large runed translucent door.
 23552 | Gauntlet | Found a large runed translucent door.
 23552 | Gauntlet | Found a large runed translucent door.
 23553 | Gauntlet | Found a large runed translucent door.
 23553 | Gauntlet | Found a large runed translucent door.
 23562 | Gauntlet | Found a runed translucent gate.
 23568 | Gauntlet | Found a transporter.
 23578 | Gauntlet | Found a transporter.
 23582 | Gauntlet | Found a transporter.
 23592 | Gauntlet | Found a transporter.
 23662 | Gauntlet | Reached skill level 1 in Summonings
 23662 | Gauntlet | Offered knowledge of Fireball by Vehumet.
 23795 | Gauntlet | Identified the ring "Fuhy" {Wiz rN+ Str+5 Dex+4}
 23833 | Gauntlet | Identified the amulet "Jiyjil" {Faith *Corrode rPois Str+2}
 23872 | Gauntlet | Identified the +8 glaive of Somotuniasch {flame, rPois}
 23872 | Gauntlet | Identified the ring "Kufuism" {^Drain rN+ Will+ Dex+6}
 23898 | Gauntlet | Reached skill level 5 in Summonings
 24127 | D:12     | You fall into a shaft and drop 3 floors!
 24127 | D:15     | Entered Level 15 of the Dungeon
 24176 | D:13     | HP: 2/80 [manticore (10)]
 24176 | D:13     | Slain by a manticore

Illustrated notes

Levels and vault maps discovered:
D:1:      lightli_arrival_flooded_house, layout_loops_ring
D:2:      layout_loops_corners, serial_shops, nicolae_shop_tiny_glass,
          kennysheep_generic_room_6
D:3:      layout_loops_cross, dancing_weapons_uskayaw, tso_oasis_becter,
          basic_ecumenical_altar, biasface_ghost_orc_armoury
D:4:      layout_basic, nemelex_altar_shiori,
          mainiacjoe_overflow_concentric_impassable
D:5:      layout_cave_pools, minmay_temple_entry_poolview, uniq_blork_the_orc,
          uniq_edmund
D:6:      layout_basic, st_stairs_10, fountainhead, hangedman_decor_growths,
          nicolae_shop_overcharged_wands
D:7:      layout_loops_ring, nicolae_dithmenos_shadow_blocks,
          grunt_decor_arrowhead
D:8:      layout_cave_pods, evilmike_ruin_ashenzari, serial_shops,
          nicolae_shop_temple_entry_statues_fountains
D:9:      layout_basic, mainiacjoe_overflow_surrounded_room, erik_lair_island,
          water_boxes_lemuel
D:10:     layout_roguey [special_room_bee], kennysheep_mini_moat,
          mainiacjoe_overflow_swirl, nicolae_trove_entry_isolated,
          chequers_serial_rivers_large_b
D:11:     regret_index_bee_streams, layout_long_grid, nzn_ghost_randoct
D:12:     layout_basic, david_orc_4, gauntlet_entry_generic, drop_trap,
          minivault_16, minmay_shop_chei, uniq_rupert, uniq_sonja
D:13:     layout_small_grid, erik_vaults_1, serial_shops,
          nicolae_shop_advertising_works [nicolae_subvault_shop_adworks],
          portal_ice_cave_entry_pillars_2, kennysheep_generic_room_9
D:14:     layout_cave_pools, uniq_kirke
D:15:     grunt_enter_depths_magical_seal, layout_loops_corners, uniq_jorgrun
Temple:   minmay_temple_bridge_abc
Lair:1:   layout_concentric_octagons, uniq_maggie
Lair:2:   layout_regular_city, minmay_snake_entry_guardpost_small,
          minmay_stone_trees_large
Lair:3:   layout_gridlike, nicolae_shoals_entry_flooding,
          ebering_ghost_rock_garden, beast_lair_carwin_1
Lair:4:   layout_regular_city, beast_lair_carwin_8, lemuel_fruit_fields,
          uniq_nessos
Lair:5:   evilmike_catoblepas_cave, layout_long_grid, slime_entry_1,
          minmay_hedge_maze, infiniplex_staircase_pool

Skill      XL: |  1  2  3  4  5  6  7  8  9 10 11 12 13 14 |
---------------+-------------------------------------------+-----
Conjurations   | 5 6 7 8 9 12 13 14 16 19 | 19.4
Spellcasting   | 4 5 7 8 9 13 14 16 | 16.0
Dodging        | 7 10 | 10.0
Fighting       | 3 4 5 6 |  6.0
Stealth        | 4 8 |  8.0
Earth Magic    | 7 10 | 10.0
Summonings     | 5 |  5.2

Action                     |  1- 3 |  4- 6 |  7- 9 | 10-12 | 13-15 || total
---------------------------+-------+-------+-------+-------+-------++-------
  Melee: Rapier            |     3 |       |       |       |       ||     3
         Hand axe          |       |       |     1 |     2 |    20 ||    23
   Cast: Magic Dart        |    83 |    56 |    76 |   161 |   227 ||   603
         Searing Ray       |       |    19 |    56 |    34 |    15 ||   124
         Iskenderun's Batt |       |       |     8 |    53 |    68 ||   129
         Iskenderun's Myst |       |       |       |    65 |    73 ||   138
         Bombard           |       |       |       |    28 |    43 ||    71
         Orb of Destructio |       |       |       |       |    23 ||    23
         Borgnjor's Vile C |       |       |       |       |     2 ||     2
Ability: Evoke Blink       |       |       |       |     1 |       ||     1
  Evoke: Wand              |       |       |       |     1 |     1 ||     2
    Use: Scroll            |       |       |       |     3 |     6 ||     9
         Potion            |       |       |       |     1 |       ||     1
 Armour: Robe              |     4 |     6 |    22 |       |       ||    32
         Leather armour    |       |       |    24 |   113 |    91 ||   228
  Dodge: Dodged            |     9 |     7 |    93 |   155 |    99 ||   363

Table legend: (Time is in decaauts)
 A = Elapsed time spent in this place.
 B = Non-inter-level travel time spent in this place.
 C = Inter-level travel time spent in this place.
 D = Time resting spent in this place.
 E = Time spent auto-exploring this place.
 F = Levels seen in this place.
 G = Mean time per level.
                   A        B        C        D        E       F      G
               +--------+--------+--------+--------+--------+-----+--------+
         Total |  24231 |  23204 |   1027 |   1366 |  18689 |  22 | 1101.4 |
       Dungeon |  14695 |  14003 |    692 |    300 |  11956 |  15 |  979.7 |
        Temple |     74 |      1 |     73 |      0 |      0 |   1 |   74.0 |
          Lair |   8777 |   8517 |    260 |   1047 |   6232 |   5 | 1755.4 |
      Gauntlet |    683 |    683 |      0 |     19 |    501 |   1 |  683.0 |
               +--------+--------+--------+--------+--------+-----+--------+

Top non-repeatable levels by time:
  Lair:5: 3185 daAuts
    D:11: 2055 daAuts
  Lair:4: 1887 daAuts
     D:9: 1563 daAuts
    D:10: 1465 daAuts
     D:6: 1389 daAuts
  Lair:3: 1294 daAuts
  Lair:2: 1263 daAuts
     D:7: 1258 daAuts
     D:4: 1247 daAuts
     D:1: 1195 daAuts
  Lair:1: 1147 daAuts
     D:2: 1111 daAuts
     D:3: 1097 daAuts
     D:5: 1017 daAuts
